 Dungeon Crawl Stone Soup version 0.27-a0-920-gb2bd10914a (webtiles) character file.

Game seed: 134001057757240256

186 robertstho the Magician (level 5, -1/37 HPs)
             Began as a Djinni Ice Elementalist on Apr 9, 2021.
             Slain by a water moccasin (6 damage)
             ... on level 4 of the Dungeon.
             The game lasted 00:04:31 (3953 turns).

robertstho the Magician (Djinni Ice Elementalist)   Turns: 3953, Time: 00:04:32

Health: -1/37      AC:  2    Str:  7    XL:     5   Next: 66%
Gold:   179        EV: 12    Int: 18    God:
                   SH:  0    Dex: 13

rFire    + + .     SeeInvis .   i - +1 short sword (freeze)
rCold    x . .     Faith    .   (no shield)
rNeg     . . .     Spirit   .   a - +0 robe
rPois    ∞         Reflect  .   (no helmet)
rElec    .         Harm     .   (no cloak)
rCorr    .         Rampage  .   (no gloves)
Will     .....                  (boots unavailable)
Stlth    ++........             (no amulet)
HPRegen  0.12/turn              (no ring)
MPRegen  0.00/turn              (no ring)

@: flying
A: fire resistance 2, cold vulnerability 1, float, innate caster, hp casting,
extra vitality 1
a: no special abilities


You were on level 4 of the Dungeon.
You visited 1 branch of the dungeon, and saw 4 of its levels.

You collected 179 gold pieces.

Inventory:

Hand Weapons
 b - a +0 dagger
 d - a +1 dagger of holy wrath
 i - a +1 short sword of freezing (weapon)
Missiles
 e - 16 javelins
Armour
 a - a +0 robe (worn)
Scrolls
 c - a scroll of holy word {unknown}
 f - a scroll of torment {unknown}
 g - a scroll of enchant armour {unknown}
 h - a scroll of fear {unknown}
 k - a scroll of immolation {unknown}
Potions
 j - a potion of mutation {unknown}
 l - a potion of degeneration {unknown}
 m - a potion of lignification {unknown}


   Skills:
 + Level 1.1 Fighting
 + Level 0.9 Short Blades
 + Level 2.4 Dodging
 + Level 2.3 Stealth
 + Level 5.2 Spellcasting


You couldn't memorise any spells.
You knew the following spells:

 Your Spells              Type           Power      Damage    Failure   Level
a - Freeze                Ice            92%        1d10      1%          1
b - Frozen Ramparts       Ice            46%        1d6       4%          3
c - Ozocubu's Armour      Ice            23%        N/A       4%          3
d - Hailstorm             Conj/Ice       23%        3d7       16%         4
e - Summon Ice Beast      Ice/Summ       23%        N/A       16%         4
f - Pain                  Necr           92%        1d8       1%          1
g - Searing Ray           Conj           46%        3d4       2%          2
Your spell library was empty.

Dungeon Overview and Level Annotations

Branches:
Dungeon (4/15)
 Temple: D:4-7

Altars:


Innate Abilities, Weirdness & Mutations

You are immune to poison.
Your flesh is very heat resistant. (rF++)
You are vulnerable to cold. (rC-)
You float through the air rather than walking.
You learn spells naturally, not from books.
Your magical power is your life essence.
You have superior vitality. (+4 HP)


Message History

The water moccasin seems to slow down.
The water moccasin bites you.
Casting: Freeze (safe; 1% risk of failure)
Confirm with . or Enter, or press ? or * to list all spells.
Aiming: Freeze (safe; 1% risk of failure)
Press: ? - help, Shift-Dir - straight line, f/p - water moccasin
Aim: a water moccasin (moderately wounded, slow)
You freeze the water moccasin.
The water moccasin is moderately wounded.
The water moccasin bites you!
* * * LOW HITPOINT WARNING * * *
Casting: Freeze (safe; 1% risk of failure)
Confirm with . or Enter, or press ? or * to list all spells.
Aiming: Freeze (safe; 1% risk of failure)
Press: ? - help, Shift-Dir - straight line, f/p - water moccasin
Aim: a water moccasin (moderately wounded, slow)
You freeze the water moccasin!
The water moccasin is heavily wounded.
The water moccasin seems to slow down.
* * * LOW HITPOINT WARNING * * *
The water moccasin misses you.
Casting: Freeze (safe; 1% risk of failure)
Confirm with . or Enter, or press ? or * to list all spells.
Aiming: Freeze (safe; 1% risk of failure)
Press: ? - help, Shift-Dir - straight line, f/p - water moccasin
Aim: a water moccasin (heavily wounded, slow)
You freeze the water moccasin!
The water moccasin is severely wounded.
The water moccasin seems to slow down.
* * * LOW HITPOINT WARNING * * *
The water moccasin misses you.
Casting: Freeze (safe; 1% risk of failure)
Confirm with . or Enter, or press ? or * to list all spells.
Aiming: Freeze (safe; 1% risk of failure)
Press: ? - help, Shift-Dir - straight line, f/p - water moccasin
Aim: a water moccasin (severely wounded, slow)
You freeze the water moccasin.
The water moccasin is almost dead.
* * * LOW HITPOINT WARNING * * *
The water moccasin bites you.
You die...

........... ...........
.......... ........
...... #?..# #.S# #.@###
#....# #..### #..#
###(.#######
##..........#
#..###...##.#
.........###(.#)##..##.#
..............##.##..#.#


You could see a water moccasin (slow).

Vanquished Creatures
  2 orc wizards
  An adder (D:4)
  3 gnolls (D:3)
  A worm (D:2)
  2 dart slugs
  7 orcs
  4 ball pythons
  7 bats
  15 endoplasms
  3 giant cockroaches
  6 goblins
  2 hobgoblins
  10 jackals
  7 kobolds
  2 quokkas (D:1)
  3 frilled lizards
  6 rats
81 creatures vanquished.

Notes
Turn   | Place    | Note
-------+----------+-------------------------------------------
     0 | D:1      | robertstho the Djinni Ice Elementalist began the quest for
                  | the Orb.
     0 | D:1      | Reached XP level 1. HP: 15/15 MP: 0/0
   224 | D:1      | Found a faded altar of an unknown god.
   313 | D:1      | Reached XP level 2. HP: 6/21 MP: 0/0
   541 | D:1      | Reached skill level 4 in Spellcasting
   999 | D:1      | Reached XP level 3. HP: 16/25 MP: 0/0
   999 | D:1      | Learned a level 1 spell: Pain
  2524 | D:2      | Reached XP level 4. HP: 26/31 MP: 0/0
  3145 | D:3      | Reached XP level 5. HP: 23/36 MP: 0/0
  3145 | D:3      | Learned a level 2 spell: Searing Ray
  3198 | D:3      | Reached skill level 5 in Spellcasting
  3364 | D:3      | Reached skill level 1 in Fighting
  3943 | D:4      | Noticed a water moccasin
  3953 | D:4      | Slain by a water moccasin

Illustrated notes

Levels and vault maps discovered:
D:1:      elethiomel_arrival_fortress_basement, layout_rooms,
          basic_ecumenical_altar, serial_aquarium, aquarium_bridge_square
          [aquarium_subvault_window, aquarium_subvault_bridge,
          aquarium_subvault_window, aquarium_subvault_wall], aquarium_window_3,
          aquarium_window_2, aquarium_view_2g, dk_noncrumbling_4
D:2:      layout_rooms
D:3:      layout_rooms
D:4:      layout_rooms, serial_shops, nicolae_shop_window_shopping,
          kennysheep_little_box, shop_statue, nicolae_shop_stone, shop,
          minmay_cupped

Skill      XL: |  1  2  3  4  5 |
---------------+----------------+-----
Spellcasting   | 4 5 |  5.2
Stealth        | 2 |  2.3
Fighting       | 1 |  1.1
Short Blades   | |  0.9
Dodging        | |  2.4

Action                   |  1- 3 |  4- 6 || total
-------------------------+-------+-------++-------
Melee: Dagger            |    35 |    10 ||    45
       Unarmed           |     1 |       ||     1
       Short sword       |       |    12 ||    12
 Cast: Freeze            |    43 |    31 ||    74
       Frozen Ramparts   |     2 |     4 ||     6
 Stab: Sleeping          |     2 |     1 ||     3
Armor: Robe              |    10 |     2 ||    12
Dodge: Dodged            |    49 |    27 ||    76

Table legend: (Time is in decaauts)
 A = Elapsed time spent in this place.
 B = Non-inter-level travel time spent in this place.
 C = Inter-level travel time spent in this place.
 D = Time resting spent in this place.
 E = Time spent auto-exploring this place.
 F = Levels seen in this place.
 G = Mean time per level.
                   A        B        C        D        E       F      G
               +--------+--------+--------+--------+--------+-----+--------+
         Total |   3952 |   3846 |    106 |    353 |   3133 |   4 |  988.0 |
       Dungeon |   3952 |   3846 |    106 |    353 |   3133 |   4 |  988.0 |
               +--------+--------+--------+--------+--------+-----+--------+

Top non-repeatable levels by time:
     D:1: 1755 daAuts
     D:2: 1345 daAuts
     D:3: 699 daAuts
     D:4: 153 daAuts
